 Seeded DCSS version 0.28-a0-1567-g1695149f81 (webtiles) character file.

Game seed: 110 (custom seed)

1971 knot the Cleaver (level 9, 42/63 HPs)
             Began as a Demonspawn Berserker on Jan 19, 2022.
             Was a Believer of Trog.
             Quit the game on level 6 of the Dungeon.
             The game lasted 00:09:03 (6260 turns).

knot the Cleaver (Demonspawn Berserker)             Turns: 6260, Time: 00:09:04

Health: 42/63      AC: 16    Str: 19    XL:     9   Next: 0%
Magic:  9/9        EV: 11    Int: 12    God:    Trog [**....]
Gold:   293        SH:  0    Dex: 12    Spells: 8/8 levels left

rFire   . . .      SeeInvis .   g - +0 hand axe (flame)
rCold   + . .      Faith    .   (no shield)
rNeg    . . .      Spirit   .   b - +2 scale mail {rC+}
rPois   .          Reflect  .   s - +0 helmet
rElec   .          Harm     .   (no cloak)
rCorr   .          Rampage  .   (no gloves)
Will    .....                   p - +2 pair of boots
Stlth   +.........              (no amulet)
HPRegen 0.20/turn               n - +4 ring of protection
MPRegen 0.11/turn               (no ring)

@: mildly poisoned (42 -> 40)
A: claws 2, powered by death 1, powered by pain 1, sturdy frame 2
a: Renounce Religion, Berserk, Trog's Hand


You were on level 6 of the Dungeon.
You worshipped Trog.
Trog was pleased with you.
You visited 1 branch of the dungeon, and saw 6 of its levels.

You collected 293 gold pieces.

Inventory:

Hand Weapons
 a - a +0 hand axe
 g - a +0 hand axe of flaming (weapon)
 r - a +0 dagger
Missiles
 d - 153 stones
 f - 3 poisoned darts (quivered)
 h - 52 sling bullets
 j - 4 javelins
Armour
 b - a +2 scale mail of cold resistance (worn)
 p - a +2 pair of boots (worn)
 s - a +0 helmet (worn)
Jewellery
 n - a +4 ring of protection (left claw)
Wands
 q - a wand of iceblast (6)
Scrolls
 c - 4 scrolls of magic mapping {unknown}
 e - a scroll of torment {unknown}
 i - a scroll of enchant weapon {unknown}
 k - 3 scrolls of identify {unknown}
 t - a scroll of immolation {unknown}
 u - a scroll of teleportation {unknown}
Potions
 l - 2 potions of degeneration {unknown}
 m - 2 potions of heal wounds {unknown}
 o - a potion of might {unknown}
 v - a potion of mutation {unknown}
 w - a potion of cancellation {unknown}
 x - a potion of curing {unknown}


   Skills:
 - Level 3.0 Fighting
 + Level 11.1 Axes
 - Level 1.7 Armour
 - Level 1.7 Dodging


You had 8 spell levels left.
You didn't know any spells.
Your spell library was empty.

Dungeon Overview and Level Annotations

Branches:
Dungeon (6/15)
 Temple: D:4-7

Altars:
Kikubaaqudgha
Qazlal
Sif Muna
The Shining One

Shops:
D:2 (   D:3 (   D:5 ((:*


Innate Abilities, Weirdness & Mutations

You have very sharp fingernails.
You regenerate a little health from kills.
You sometimes gain a little power by taking damage.
Your movements are less encumbered by armour. (ER -4)


Message History

You feel as though you will be slow longer.
The hornet stings you but does no damage.
Okay, then.
Throw: 6 darts (poison)
Press: ? - help, Q - select action, (/) - cycle Shift-Dir - straight line, f/p - orc wizard
Aim: an orc wizard, wielding a +0 dagger and wearing a +0 robe (50% to hit)
You throw a poisoned dart. The poisoned dart hits the hornet.
The hornet looks as sick as possible!
The hornet is heavily wounded.
You feel very sick. The hornet misses you. The hornet barely misses you.
Throw: 5 darts (poison)
Press: ? - help, Q - select action, (/) - cycle Shift-Dir - straight line, f/p - orc wizard
Aim: an orc wizard, wielding a +0 dagger and wearing a +0 robe (50% to hit)
You throw a poisoned dart. The poisoned dart hits the hornet.
The hornet looks as sick as possible!
The hornet is severely wounded.
You feel sick.
The hornet stings you but does no damage. x2
Throw: 4 darts (poison)
Press: ? - help, Q - select action, (/) - cycle Shift-Dir - straight line, f/p - orc wizard
Aim: an orc wizard, wielding a +0 dagger and wearing a +0 robe (50% to hit)
You throw a poisoned dart. The poisoned dart misses the hornet.
The poisoned dart closely misses the orc wizard.
The poisoned dart closely misses the orc wizard.
You feel yourself speed up.
You feel sick.
You kill the hornet!
Trog accepts your kill. The orc wizard barely misses you.
The orc wizard mumbles some strange words.
The orc wizard flickers and vanishes!
Deactivating autopickup; reactivate with Ctrl-A.
Your Axes skill increases to level 11!
You have reached level 9!
Your experience leads to an increase in your attributes!
Increase (S)trength, (I)ntelligence, or (D)exterity?
You feel clever. x2; Your demonic ancestry asserts itself...
You feel energised by your suffering.
Are you sure you want to abandon this character and quit the game? (Confirm with "yes".)

.(. .# ..
#####.
(o.(...
.#... o).
#o# #{# #o#
#@# #.# #.#
#.# #.# #.#
#.# #.#
#.########.


You could see an orc wizard and 2 orcs.

Vanquished Creatures
  A hornet (D:6)
  6 yaks (D:4)
  Edmund (D:5)
  An ogre (D:5)
  A bullfrog (D:5)
  A scorpion (D:4)
  3 hounds
  A jelly (D:5)
  An orc priest (D:3)
  A centaur zombie (D:5)
  5 orc wizards
  A bullfrog skeleton (D:6)
  An iguana (D:5)
  6 adders
  4 gnolls (D:4)
  2 ufetubi
  An adder skeleton (D:4)
  2 worms
  13 orcs
  4 bats
  2 endoplasms (D:1)
  2 giant cockroaches (D:3)
  3 goblins
  9 hobgoblins
  3 jackals (D:3)
  10 kobolds
  4 quokkas
  6 ball pythons
  2 frilled lizards
  11 rats
108 creatures vanquished.

Vanquished Creatures (others)
  An orc wizard (D:4)
1 creature vanquished.

Grand Total: 109 creatures vanquished

Notes
Turn   | Place    | Note
-------+----------+-------------------------------------------
     0 | D:1      | knot the Demonspawn Berserker began the quest for the Orb.
     0 | D:1      | Reached XP level 1. HP: 18/18 MP: 1/1
    42 | D:1      | Reached skill level 3 in Axes
   121 | D:1      | Gained mutation: You regenerate a little health from kills.
                  | [demonic ancestry]
   121 | D:1      | Reached XP level 2. HP: 18/24 MP: 2/2
   638 | D:1      | Found a faded altar of an unknown god.
  1088 | D:2      | Found Gupnan's Weapon Shoppe.
  1153 | D:2      | Reached XP level 3. HP: 26/29 MP: 3/3
  1394 | D:2      | Reached skill level 4 in Axes
  1775 | D:3      | Gained mutation: You have sharp fingernails. [demonic
                  | ancestry]
  1775 | D:3      | Reached XP level 4. HP: 15/35 MP: 4/4
  2010 | D:3      | Reached skill level 5 in Axes
  2253 | D:3      | Reached ** piety under Trog
  2435 | D:3      | Gained mutation: Your movements are slightly less
                  | encumbered by armour. (ER -2) [demonic ancestry]
  2435 | D:3      | Reached XP level 5. HP: 40/41 MP: 5/5
  2679 | D:3      | Found Keler's Antique Weapon Shoppe.
  3587 | D:4      | Found an ancient bone altar of Kikubaaqudgha.
  3787 | D:4      | Reached skill level 6 in Axes
  3917 | D:4      | Gained mutation: You have very sharp fingernails. [demonic
                  | ancestry]
  3917 | D:4      | Reached XP level 6. HP: 20/47 MP: 6/6
  4501 | D:4      | Found a stormy altar of Qazlal.
  4503 | D:4      | Noticed a yak
  4504 | D:4      | Noticed a yak
  4504 | D:4      | Noticed a yak
  4505 | D:4      | Noticed a yak
  4505 | D:4      | Noticed a yak
  4505 | D:4      | Noticed a yak
  4533 | D:4      | Killed a yak
  4534 | D:4      | Reached skill level 7 in Axes
  4534 | D:4      | Gained mutation: Your movements are less encumbered by
                  | armour. (ER -4) [demonic ancestry]
  4534 | D:4      | Reached XP level 7. HP: 27/52 MP: 7/7
  4539 | D:4      | Killed a yak
  4743 | D:4      | Killed a yak
  4744 | D:4      | Reached skill level 8 in Axes
  4760 | D:4      | Killed a yak
  4944 | D:4      | Killed a yak
  4945 | D:4      | Reached skill level 9 in Axes
  4945 | D:4      | Reached XP level 8. HP: 58/58 MP: 8/8
  5321 | D:5      | Entered Level 5 of the Dungeon
  5351 | D:5      | Found Ezecumat's Book Boutique.
  5372 | D:5      | Found a shimmering blue altar of Sif Muna.
  5393 | D:5      | Reached skill level 10 in Axes
  5502 | D:5      | Found Tifal's Weapon Shop.
  5700 | D:5      | Found Wakk's Antique Weapon Shop.
  5860 | D:5      | Found Gasoddiu's Assorted Antiques.
  6156 | D:6      | Noticed Edmund
  6191 | D:5      | Killed Edmund
  6247 | D:6      | Noticed a hornet
  6259 | D:6      | Killed a hornet
  6260 | D:6      | Reached skill level 11 in Axes
  6260 | D:6      | Gained mutation: You sometimes gain a little power by
                  | taking damage. [demonic ancestry]
  6260 | D:6      | Reached XP level 9. HP: 42/63 MP: 9/9
  6260 | D:6      | Quit the game

Illustrated notes

Levels and vault maps discovered:
D:1:      eino_arrival_cavern_b, layout_loops_cross,
          shapermc_ecumenical_altar_pompeii
D:2:      layout_loops_ring, serial_shops, nicolae_shop_waterfront, basic_altar
D:3:      minmay_recursive_quarters, layout_loops_ring, serial_shops,
          shop_fountains, corexii_corridor_pit, kennysheep_path_1
D:4:      layout_basic, mainiacjoe_overflow_catwalk, lemuel_tele_altar,
          minmay_door_square
D:5:      layout_layer_cave, led_sif_book, serial_shops, shop, shop, shop,
          nicolae_shop_stone, minivault_11
D:6:      layout_loops_ring, nicolae_overflow_hidden_temple, uniq_edmund

Skill      XL: |  1  2  3  4  5  6  7  8 |
---------------+-------------------------+-----
Axes           | 3 4 5 6 7 9 11 | 11.1
Fighting       | |  3.0
Armour         | |  1.7
Dodging        | |  1.7

Action                   |  1- 3 |  4- 6 |  7- 9 || total
-------------------------+-------+-------+-------++-------
Melee: Hand axe          |    92 |   170 |    86 ||   348
       Punch             |     1 |     3 |     3 ||     7
Throw: Dart              |       |     9 |    31 ||    40
       Boomerang         |       |       |     3 ||     3
Invok: Berserk           |     1 |     6 |     5 ||    12
Evoke: Wand              |       |       |     2 ||     2
 Stab: Sleeping          |     2 |       |       ||     2
Armor: Animal skin       |    13 |     9 |       ||    22
       Scale mail        |       |    20 |    51 ||    71
       Skin              |       |    16 |       ||    16
       Ring mail         |       |     1 |       ||     1
Dodge: Dodged            |    62 |    95 |    41 ||   198

Table legend: (Time is in decaauts)
 A = Elapsed time spent in this place.
 B = Non-inter-level travel time spent in this place.
 C = Inter-level travel time spent in this place.
 D = Time resting spent in this place.
 E = Time spent auto-exploring this place.
 F = Levels seen in this place.
 G = Mean time per level.
                   A        B        C        D        E       F      G
               +--------+--------+--------+--------+--------+-----+--------+
         Total |   6378 |   6134 |    244 |   1513 |   3755 |   6 | 1063.0 |
       Dungeon |   6378 |   6134 |    244 |   1513 |   3755 |   6 | 1063.0 |
               +--------+--------+--------+--------+--------+-----+--------+

Top non-repeatable levels by time:
     D:4: 2152 daAuts
     D:3: 1493 daAuts
     D:1: 983 daAuts
     D:5: 867 daAuts
     D:2: 794 daAuts
     D:6: 86 daAuts
